 Dungeon Crawl Stone Soup version 0.27.1-34-g3ba077fa99 (webtiles) character file.

Game seed: 14576478560534247654

3483 chibimon the Shield-Bearer (level 9, -4/79 HPs)
             Began as a Black Draconian Fighter on Jan 2, 2022.
             Was a Priest of Okawaru.
             Slain by an orc warrior (20 damage)
             ... on level 8 of the Dungeon.
             The game lasted 01:04:55 (8374 turns).

chibimon the Shield-Bearer (DrFi)                   Turns: 8374, Time: 01:04:56

Health: -4/79      AC: 10    Str: 21    XL:     9   Next: 79%
Magic:  15/15      EV: 12    Int: 16    God:    Okawaru [***...]
Gold:   199        SH: 11    Dex: 16    Spells: 4/16 levels left

rFire    . . .     SeeInvis .   F - +1 short sword (freeze)
rCold    . . .     Faith    .   y - +0 kite shield
rNeg     . . .     Spirit   .   (armour unavailable)
rPois    .         Reflect  .   (helmet restricted)
rElec    +         Harm     .   w - +0 cloak
rCorr    .         Rampage  .   D - +0 pair of gloves
Will     .....                  x - +0 pair of boots
Stlth    +.........             (no amulet)
HPRegen  0.23/turn              t - +6 ring of dexterity
MPRegen  0.14/turn              B - +6 ring of intelligence

@: short of breath
A: breathe lightning, AC +7, unfitting armour, electricity resistance,
cold-blooded
a: Breathe Lightning, Renounce Religion, Heroism


You were on level 8 of the Dungeon.
You worshipped Okawaru.
Okawaru was most pleased with you.
You visited 2 branches of the dungeon, and saw 9 of its levels.

You collected 415 gold pieces.
You spent 216 gold pieces at shops.

Inventory:

Hand Weapons
 a - a +0 trident
 h - a +0 whip
 i - a +0 whip
 p - a +1 dagger of speed
 E - a +1 vorpal hand axe
 F - a +1 short sword of freezing (weapon)
Missiles
 d - 202 stones (quivered)
 e - 91 arrows
 v - a throwing net
Armour
 w - a +0 cloak (worn)
 x - a +0 pair of boots (worn)
 y - a +0 kite shield (worn)
 D - a +0 pair of gloves (worn)
Jewellery
 t - a +6 ring of dexterity (left hand)
 B - a +6 ring of intelligence (right hand)
Wands
 r - a wand of mindburst (1)
 u - a wand of flame (1)
Scrolls
 f - a scroll of fear
 j - a scroll of blinking
 k - 2 scrolls of fog {unknown}
 l - a scroll of identify
 m - 2 scrolls of magic mapping {unknown}
 o - 2 scrolls of teleportation
 A - a scroll of vulnerability {unknown}
 G - a scroll of noise {unknown}
Potions
 c - 2 potions of degeneration
 g - a potion of brilliance
 n - 2 potions of attraction
 q - a potion of mutation {unknown}
 s - a potion of resistance {unknown}
 z - a potion of magic {unknown}
 C - a potion of curing {unknown}


   Skills:
 * Level 7.5 Fighting
 - Level 1.5 Short Blades
 - Level 2.7 Polearms
 - Level 4.2 Dodging
 * Level 7.5 Shields
 * Level 4.3 Spellcasting
 + Level 3.7 Hexes
 * Level 5.0 Air Magic
 * Level 5.0 Invocations
 - Level 2.1 Evocations


You had 4 spell levels left.
You knew the following spells:

 Your Spells              Type           Power      Damage    Failure   Level
a - Dazzling Flash        Conj/Hex       18%        N/A       52%         3
b - Silence               Hex/Air        8%         N/A       89%         5
c - Airstrike             Air            9%         N/A       47%         4

Your spell library contained the following spells:

 Spells                   Type           Power      Damage    Failure   Level
 Shock                    Conj/Air       44%        1d5       16%         1
 Swiftness                Air            19%        N/A       16%         3
 Agony                    Necr           3%         N/A       100%        5


Dungeon Overview and Level Annotations

Branches:
Dungeon (8/15)             Temple (1/1) D:6
   Lair: D:8-11

Altars:
Ashenzari
Cheibriados
Dithmenos
Elyvilon
Fedhas
Gozag
Hepliaklqana
Kikubaaqudgha
Makhleb
Nemelex Xobeh
Okawaru
Sif Muna
Trog
Uskayaw
Xom
Yredelemnul
Zin
The Shining One

Shops:
D:4 *

Annotations:
D:7 3 runed translucent doors, Squirrel's ghost, novice MiGl
D:8 Joseph


Innate Abilities, Weirdness & Mutations

You can breathe wild blasts of lightning.
Your glossy black scales are hard. (AC +7)
You cannot fit into any form of body armour.
You are resistant to electric shocks. (rElec)
You are cold-blooded and may be slowed by cold attacks.


Message History

You block the orc's attack. The orc warrior closely misses you.
You hit the orc warrior. You freeze the orc warrior.
The orc warrior is almost dead.
The orc hits you but does no damage. You block the orc warrior's attack.
The orc hits you with a +0 flail.
Joseph zaps a wand.
The mass of ice explodes!
The iceblast engulfs the orc!
The orc dies!
The iceblast engulfs you!
You hear a shout!
Joseph unwields a +0 quarterstaff.
Joseph wields a +0 hunting sling.
Joseph shoots a sling bullet.
The sling bullet barely misses you. You block the orc warrior's attack.
The orc warrior misses you.
Joseph shoots a sling bullet.
You block the sling bullet.
Joseph says, "I've waited for this moment for such a long time."
Joseph shoots a sling bullet.
You block the sling bullet.
You have got your breath back.
You breathe a wild blast of lightning!
The orb of electricity explodes!
The orb of electricity engulfs you! You resist.
* * * LOW HITPOINT WARNING * * *
You hear a shout!
An orc opens the door.
You feel like a meek peon again.
There is an open door here.
There is an open door here.
You see here a sky beast corpse.
You see here a sky beast corpse.
You block the orc warrior's attack.
The orc warrior hits you but does no damage.
You see here a sky beast corpse.
You have got your breath back.
You breathe a wild blast of lightning!
You hear a mighty clap of thunder!
The bolt of lightning hits you! You resist.
* * * LOW HITPOINT WARNING * * *
You hear a mighty clap of thunder!
The bolt of lightning misses you.
The orb of electricity explodes!
You hear a mighty clap of thunder!
You hear a shout!
The orc warrior hits you from afar with a +0 glaive!!
You die...

#....#.......#
##.###.###..##
#####.###..#
#...#....###+###
#...o.@.........
#####.###o.##....
##.#######o.##....
#...'.............
#..รท#.....@......#
##..###+##..##...#
##.##..##..##..#######
#.....<.........#....#
#...............'....#
#..#...##..###.####.##
#########..###.####.##
#.............<
#..............


You could see Joseph, an orc warrior and an orc.

Vanquished Creatures
  3 yaks (D:6)
  A steam dragon (D:7)
  A water moccasin (D:8)
  2 orc warriors
  2 black bears (D:6)
  4 ice beasts
  A sky beast (D:8)
  A necrophage (D:7)
  3 ogres
  2 phantoms
  2 kobold brigands (D:6)
  5 scorpions
  A wyvern skeleton (D:7)
  2 water moccasin skeletons
  A howler monkey (D:7)
  A crimson imp (D:6)
  5 centaur zombies
  2 gnoll shamans
  3 orc priests
  A centaur skeleton (D:4)
  4 hounds
  Natasha (thrice) (D:3)
  2 orc wizards
  2 hound skeletons (D:4)
  7 gnolls (D:6)
  A howler monkey skeleton (D:5)
  4 adders
  A shadow imp (D:7)
  A white imp (D:7)
  A worm (D:2)
  A dart slug (D:1)
  17 orcs
  7 ball pythons
  4 endoplasms
  2 giant cockroaches
  8 hobgoblins
  3 jackals (D:1)
  2 quokkas
  3 bats
  A frilled lizard (D:3)
  8 goblins
  A jackal skeleton (D:2)
  17 kobolds
  5 rats
148 creatures vanquished.

Vanquished Creatures (others)
  An orc (D:8)
1 creature vanquished.

Grand Total: 149 creatures vanquished

Notes
Turn   | Place    | Note
-------+----------+-------------------------------------------
     0 | D:1      | chibimon the Draconian Fighter began the quest for the Orb.
     0 | D:1      | Reached XP level 1. HP: 19/19 MP: 1/1
   117 | D:1      | Reached XP level 2. HP: 26/26 MP: 2/2
   569 | D:2      | Reached XP level 3. HP: 31/31 MP: 3/3
  1297 | D:2      | Reached XP level 4. HP: 32/40 MP: 4/4
  1559 | D:3      | Found an iron altar of Okawaru.
  1564 | D:3      | Became a worshipper of Warmaster Okawaru
  1567 | D:3      | Found a glowing golden altar of the Shining One.
  1653 | D:3      | Found a white marble altar of Elyvilon.
  1919 | D:3      | Found an opulent altar of Gozag.
  2098 | D:3      | Noticed Natasha
  2119 | D:3      | Killed Natasha
  2132 | D:3      | Reached skill level 1 in Short Blades
  2132 | D:3      | Reached XP level 5. HP: 12/46 MP: 5/5
  2147 | D:3      | Found a faded altar of an unknown god.
  2151 | D:3      | Noticed Natasha
  2156 | D:3      | Killed Natasha
  2384 | D:3      | Noticed Natasha
  2399 | D:3      | Killed Natasha
  2500 | D:4      | Learned a level 3 spell: Dazzling Flash
  2605 | D:4      | Noticed an ogre
  2609 | D:5      | Entered Level 5 of the Dungeon
  2701 | D:4      | Found Nojall's Assorted Antiques.
  2718 | D:4      | Bought a scroll labelled VEOHESHOSAI for 27 gold pieces
  2991 | D:4      | Reached skill level 1 in Evocations
  2991 | D:4      | Reached XP level 6. HP: 40/53 MP: 5/7
  3128 | D:4      | Reached * piety under Okawaru
  3129 | D:4      | Reached skill level 1 in Spellcasting
  3129 | D:4      | Reached skill level 1 in Hexes
  3129 | D:4      | Reached skill level 1 in Invocations
  3479 | D:4      | Bought a runed rapier for 189 gold pieces
  3590 | D:5      | Noticed an ice beast
  3610 | D:5      | Killed an ice beast
  3735 | D:5      | Noticed an ice beast
  3739 | D:5      | Killed an ice beast
  3740 | D:5      | Your scales start taking on a glossy black colour.
  3740 | D:5      | Reached XP level 7. HP: 60/60 MP: 9/9
  3740 | D:5      | Gained mutation: You are resistant to electric shocks.
                  | (rElec) [Black Draconian growth]
  3746 | D:5      | Learned a level 5 spell: Silence
  4008 | D:5      | Reached skill level 1 in Air Magic
  4343 | D:5      | Reached skill level 5 in Fighting
  4693 | D:6      | Found a burning altar of Makhleb.
  4799 | D:6      | Reached XP level 8. HP: 55/68 MP: 10/12
  5164 | D:6      | Reached ** piety under Okawaru
  5181 | D:6      | Found a staircase to the Ecumenical Temple.
  5368 | Temple   | Entered the Ecumenical Temple
  6004 | D:6      | Learned a level 4 spell: Airstrike
  6062 | D:6      | Found a large runed translucent door.
  6063 | D:6      | Found a large runed translucent door.
  6093 | D:6      | Reached skill level 5 in Shields
  6112 | D:6      | Found a shimmering altar of Xom.
  6120 | D:6      | Found a sparkling altar of Nemelex Xobeh.
  6160 | D:6      | Reached XP level 9. HP: 49/75 MP: 14/14
  6538 | D:7      | Found a hazy altar of Hepliaklqana.
  7342 | D:7      | Found a runed translucent gate.
  7342 | D:7      | Found a runed translucent gate.
  7342 | D:7      | Found a runed translucent gate.
  7343 | D:7      | Noticed Squirrel's ghost (novice MiGl)
  7950 | D:8      | Reached *** piety under Okawaru
  7951 | D:8      | Reached skill level 5 in Air Magic
  8273 | D:8      | Reached skill level 5 in Invocations
  8338 | D:8      | Noticed Joseph
  8374 | D:8      | Slain by an orc warrior

Illustrated notes

Levels and vault maps discovered:
D:1:      dpeg_arrival_simpleton_a, layout_rooms
D:2:      layout_loops_ring, amcnicky_mini_rare_corridor_liquid,
          grunt_ministairs_9, hangedman_decor_slide_cut
D:3:      layout_loops_corners, elyvilon_altar_5, old_standard_altar,
          mainiacjoe_overflow_large_starburst, ebering_ecumenical_altar_webs,
          uniq_natasha
D:4:      layout_loops_ring, serial_shops, shop
D:5:      lemuel_ice_spiral_2, layout_basic, hex_large
D:6:      layout_basic, makhleb_grotto_becter, jmf_multi_god_temple2,
          temple_fountains
D:7:      layout_cave_pools, kennysheep_little_box, gammafunk_ghost_split,
          minmay_diced_spiral
D:8:      layout_gridville, nicolae_qazlal_style_of_elements, special_room
          [special_room_orc], serial_shops, nicolae_shop_window_shopping,
          uniq_joseph, uniq_psyche
Temple:   jpeg_temple_alley_garden

Skill      XL: |  1  2  3  4  5  6  7  8  9 |
---------------+----------------------------+-----
Dodging        | 3 4 |  4.2
Fighting       | 4 5 6 7 |  7.5
Short Blades   | 1 |  1.5
Shields        | 4 5 7 |  7.5
Evocations     | 1 2 |  2.1
Spellcasting   | 1 2 3 4 |  4.3
Hexes          | 1 2 3 |  3.7
Invocations    | 1 3 4 5 |  5.0
Air Magic      | 2 4 5 |  5.0
Polearms       | |  2.7

Action                   |  1- 3 |  4- 6 |  7- 9 || total
-------------------------+-------+-------+-------++-------
Melee: Trident           |    86 |       |       ||    86
       Tailslap          |    12 |    35 |   104 ||   151
       Dagger            |    46 |   173 |   345 ||   564
       Short sword       |       |       |   130 ||   130
       Hand axe          |       |       |    67 ||    67
Throw: Stone             |     2 |       |       ||     2
Invok: Heroism           |       |       |    16 ||    16
 Abil: Breathe Lightning |       |       |    21 ||    21
Evoke: Wand              |       |    20 |     3 ||    23
  Use: Potion            |       |       |     5 ||     5
       Scroll            |       |       |     6 ||     6
 Stab: Sleeping          |     1 |     1 |       ||     2
Armor: Skin              |    23 |    20 |   149 ||   192
Dodge: Dodged            |    42 |    47 |   202 ||   291
Block: Kite shield       |    60 |    59 |   271 ||   390
